 Dungeon Crawl Stone Soup version 0.29-a0-495-g17b79114eb (webtiles) character file.

Game seed: 10712650243759348874

101 xian the Skirmisher (level 4, 0/29 HPs)
             Began as a Gargoyle Fighter on May 28, 2022.
             Slain by a gnoll
             ... wielding a +0 spear
              (4 damage)
             ... on level 3 of the Dungeon.
             The game lasted 00:05:44 (2976 turns).

xian the Skirmisher (Gargoyle Fighter)              Turns: 2976, Time: 00:05:45

Health: 0/29       AC: 10    Str: 21    XL:     4   Next: 75%
Magic:  4/4        EV:  9    Int: 15    God:
Gold:   75         SH:  4    Dex:  9    Spells: 3/3 levels left

rFire   . . .      SeeInvis .   a - +2 short sword (speed)
rCold   . . .      Faith    .   c - +0 buckler
rNeg    + . .      Spirit   .   b - +0 scale mail
rPois   ∞          Reflect  .   (no helmet)
rElec   +          Harm     .   (no cloak)
rCorr   .          Rampage  .   (no gloves)
Will    .....                   (no boots)
Stlth   ..........              (no amulet)
HPRegen 0.09/turn               n - +6 ring of intelligence
MPRegen 0.09/turn               (no ring)

@: no status effects
A: sickness immunity, AC +3, negative energy resistance 1, electricity
resistance, torment resistance 1, petrification resistance
a: no special abilities


You were on level 3 of the Dungeon.
You visited 1 branch of the dungeon, and saw 3 of its levels.

You collected 75 gold pieces.

Inventory:

Hand Weapons
 a - a +2 short sword of speed (weapon)
Armour
 b - a +0 scale mail (worn)
 c - a +0 buckler (worn)
Jewellery
 n - a +6 ring of intelligence (left hand)
Scrolls
 i - 4 scrolls of identify {unknown}
 j - a scroll of silence {unknown}
 k - a scroll of enchant armour {unknown}
 l - a scroll of enchant weapon {unknown}
Potions
 d - a potion of might
 e - a potion of cancellation {unknown}
 f - a potion of heal wounds {unknown}
 g - 2 potions of attraction {unknown}
 h - a potion of flight {unknown}
 m - a potion of lignification {unknown}
 o - a potion of invisibility {unknown}


   Skills:
 + Level 4.0 Fighting
 + Level 1.0 Short Blades
 + Level 2.8 Maces & Flails
 + Level 3.9 Armour
 + Level 0.6 Dodging
 + Level 0.1 Stealth
 + Level 3.7 Shields


You had 3 spell levels left.
You didn't know any spells.
Your spell library was empty.

Dungeon Overview and Level Annotations

Branches:
Dungeon (3/15)

Altars:


Innate Abilities, Weirdness & Mutations

You are immune to sickness and miasma.
Your stone body is resilient. (AC +3)
You are immune to poison.
You resist negative energy. (rN+)
You are resistant to electric shocks. (rElec)
You are resistant to unholy torment.
You are immune to petrification.


Message History

You puncture the gnoll!
You kill the gnoll!
Your Fighting skill increases to level 4!
Your Short Blades skill increases to level 1!
You hit the gnoll.
The gnoll is severely wounded.
The gnoll hits you but does no damage.
Unknown command.
You closely miss the gnoll.
The gnoll is severely wounded.
You block the gnoll's attack.
You completely miss the gnoll.
The gnoll is severely wounded.
You closely miss the gnoll.
The gnoll is severely wounded.
The gnoll hits you but does no damage.
You hit the gnoll.
The gnoll is almost dead.
The gnoll hits you with a +0 flail.
You hit the gnoll.
You kill the gnoll!
The gnoll hits you with a +0 club. The gnoll barely misses you.
Things that are here:
a +0 flail; a +0 flail; a gnoll corpse You barely miss the gnoll.
The gnoll hits you but does no damage. x2
You hit the gnoll.
The gnoll is lightly wounded.
You block the gnoll's attack.
The gnoll hits you from afar with a +0 spear!
* * * LOW HITPOINT WARNING * * *
You hit the gnoll.
The gnoll is heavily wounded.
The gnoll hits you but does no damage. x2
You barely miss the gnoll.
The gnoll is heavily wounded.
You closely miss the gnoll.
The gnoll is heavily wounded.
The gnoll hits you but does no damage.
The gnoll hits you from afar with a +0 spear.
You die...

##.. #.... #)
#.## #. #..#
#.#.# #. ##g#
#.#.# #. #.#
#.#.# #. #.##
#.#.# #.###..###
#.#.# #..@gg...#
#.#.#
######...###.#.#
#).....†..)..#
#......).<)..#
#............#
#............#
#............#
#............#
#######..###)#


You could see 2 gnolls.

Vanquished Creatures
  2 gnolls (D:3)
  3 adders (D:2)
  2 orcs (D:3)
  6 endoplasms
  4 giant cockroaches
  4 goblins
  5 hobgoblins
  3 quokkas
  7 ball pythons
  2 bats (D:2)
  5 frilled lizards
  6 kobolds
  2 rats (D:2)
51 creatures vanquished.

Vanquished Creatures (others)
  A withered plant (D:2)
1 creature vanquished.

Grand Total: 52 creatures vanquished

Notes
Turn   | Place    | Note
-------+----------+-------------------------------------------
     0 | D:1      | xian the Gargoyle Fighter began the quest for the Orb.
     0 | D:1      | Reached XP level 1. HP: 14/14 MP: 1/1
   139 | D:1      | Reached XP level 2. HP: 6/19 MP: 2/2
  1282 | D:1      | Reached XP level 3. HP: 24/24 MP: 3/3
  2232 | D:2      | Reached XP level 4. HP: 28/29 MP: 4/4
  2233 | D:2      | Found a faded altar of an unknown god.
  2965 | D:3      | Reached skill level 4 in Fighting
  2965 | D:3      | Reached skill level 1 in Short Blades
  2976 | D:3      | Slain by a gnoll

Illustrated notes

Levels and vault maps discovered:
D:1:      heliophobic_arrival_henge, layout_basic, nrook_loot_triangle,
          minmay_misc_feat_rows, minmay_pentomino_o4
D:2:      layout_basic, ebering_ecumenical_altar_petrified, corner_web_ring
D:3:      layout_basic, uniq_terence

Skill      XL: |  1  2  3  4 |
---------------+-------------+-----
Fighting       | 4 |  4.0
Short Blades   | 1 |  1.0
Maces & Flails | |  2.8
Armour         | |  3.9
Dodging        | |  0.6
Stealth        | |  0.1
Shields        | |  3.7

Action                   |  1- 3 |  4- 6 || total
-------------------------+-------+-------++-------
Melee: Flail             |    77 |       ||    77
       Short sword       |    73 |    68 ||   141
Armor: Scale mail        |    72 |    28 ||   100
Dodge: Dodged            |    68 |    24 ||    92
Block: Buckler           |    34 |     6 ||    40

Table legend: (Time is in decaauts)
 A = Elapsed time spent in this place.
 B = Non-inter-level travel time spent in this place.
 C = Inter-level travel time spent in this place.
 D = Time resting spent in this place.
 E = Time spent auto-exploring this place.
 F = Levels seen in this place.
 G = Mean time per level.
                   A        B        C        D        E       F      G
               +--------+--------+--------+--------+--------+-----+--------+
         Total |   2974 |   2890 |     84 |    212 |   2054 |   3 |  991.3 |
       Dungeon |   2974 |   2890 |     84 |    212 |   2054 |   3 |  991.3 |
               +--------+--------+--------+--------+--------+-----+--------+

Top non-repeatable levels by time:
     D:1: 1666 daAuts
     D:2: 1227 daAuts
     D:3: 80 daAuts
